 Dungeon Crawl Stone Soup version 0.29.1-2-gbd0b4ee654 (webtiles) character file.

Game seed: 2933252305442217206

32 Araneus the Insei (level 3, 0/29 HPs)
             Began as a Demonspawn Monk on Oct 27, 2022.
             Slain by an adder (4 damage)
             ... on level 2 of the Dungeon.
             The game lasted 00:02:28 (1306 turns).

Araneus the Insei (Demonspawn Monk)                 Turns: 1306, Time: 00:02:30

Health: 0/29       AC:  2    Str: 13    XL:     3   Next: 10%
Magic:  3/3        EV: 13    Int: 11    God:
Gold:   68         SH:  0    Dex: 15    Spells: 2/2 levels left

rFire   . . .      SeeInvis .     - Unarmed
rCold   . . .      Faith    .   (no shield)
rNeg    . . .      Spirit   .   a - +0 robe
rPois   .          Reflect  .   (no helmet)
rElec   .          Harm     .   (no cloak)
rCorr   .          Rampage  .   (no gloves)
Will    .....                   (no boots)
Stlth   +.........              (no amulet)
HPRegen 0.09/turn               (no ring)
MPRegen 0.08/turn               (no ring)

@: confused, lethally poisoned (0 -> -4), ambrosia-drunk
A: condensation shield
a: no special abilities


You were on level 2 of the Dungeon.
You visited 1 branch of the dungeon, and saw 2 of its levels.

You collected 68 gold pieces.

Inventory:

Armour
 a - a +0 robe (worn)
Jewellery
 c - a +6 ring of intelligence
Scrolls
 d - a scroll of enchant armour {unknown}


   Skills:
 + Level 3.2 Fighting
 + Level 3.0 Dodging
 - Level 1.7 Stealth
 * Level 3.4 Unarmed Combat


You had 2 spell levels left.
You didn't know any spells.
Your spell library contained the following spells:

 Spells                   Type           Power      Damage    Failure   Level
 Shock                    Conj/Air       0%         1d3       34%         1
 Leda's Liquefaction      Hex/Erth       0%         N/A       98%         4
 Lee's Rapid Deconstruct  Erth           0%         3d5*      100%        5
 Statue Form              Tmut/Erth      0%         N/A       100%        6


Dungeon Overview and Level Annotations

Branches:
Dungeon (2/15)

Altars:


Innate Abilities, Weirdness & Mutations

A meltable shield of frost defends you. (SH +4)


Message History

You feel sick. The adder bites you. The adder closely misses you.
You hit the adder.
The adder is severely wounded.
You feel sick. The adder bites you. The adder closely misses you.
The hobgoblin misses you. The adder closely misses you.
You hit the adder.
The adder is severely wounded.
You feel sick. The adder closely misses you. The adder bites you.
You are more poisoned.
The adder poisons you! The hobgoblin hits you.
You are too injured to fight recklessly!
You are too injured to fight recklessly!
You are too injured to fight recklessly!
You are too injured to fight recklessly!
You are too injured to fight recklessly!
You are too injured to fight recklessly!
You are too injured to fight recklessly!
You are too injured to fight recklessly!
You are too injured to fight recklessly!
You are too injured to fight recklessly!
You are too injured to fight recklessly!
You are too injured to fight recklessly!
You feel sick. The adder misses you. The hobgoblin misses you.
The adder attacks as you move away! The adder bites you but does no damage.
You feel sick.
You barely miss the adder.
You feel sick. The adder bites you but does no damage.
You hit the adder.
The adder is heavily wounded.
You feel sick. The adder bites you.
* * * LOW HITPOINT WARNING * * *
You are lethally poisoned!
The adder poisons you!
You are confused.
You feel invigorated.
* * * LOW HITPOINT WARNING * * *
You feel sick. The adder bites you.
* * * LOW HITPOINT WARNING * * *
The adder bites you.
You die...

... .. #.. ..
#.# .# # #
#.##=#
#.#.#.#..#
#.#.#...####.. #
#.#.Sg........
#.#...#S########
#.#..##@# .
...#...# ..
#.#.####...
#..........
#..........
#.........#
#.........#
#.........#
####.#+#######


You could see 2 adders and a hobgoblin.

Vanquished Creatures
  5 bats
  An endoplasm (D:2)
  3 giant cockroaches (D:1)
  2 goblins (D:1)
  5 hobgoblins (D:1)
  3 jackals (D:2)
  3 ball pythons (D:1)
  2 frilled lizards (D:1)
  4 kobolds
  2 rats (D:1)
30 creatures vanquished.

Notes
Turn   | Place    | Note
-------+----------+-------------------------------------------
     0 | D:1      | Araneus the Demonspawn Monk began the quest for the Orb.
     0 | D:1      | Reached XP level 1. HP: 18/18 MP: 1/1
   227 | D:1      | Gained mutation: A meltable shield of frost defends you.
                  | (SH +4) [demonic ancestry]
   227 | D:1      | Reached XP level 2. HP: 20/24 MP: 2/2
   564 | D:1      | Found a faded altar of an unknown god.
   577 | D:1      | Got Plato's Book of the Wind
  1234 | D:2      | Reached XP level 3. HP: 29/29 MP: 3/3
  1306 | D:2      | Slain by an adder

Illustrated notes

Levels and vault maps discovered:
D:1:      moated_graveyard_arrival, layout_loops_corners,
          shapermc_ecumenical_altar_rom_forum
D:2:      layout_basic, minmay_misc_feat_enclosed

Skill      XL: |  1  2 |
---------------+-------+-----
Unarmed Combat | 3 |  3.4
Dodging        | 3 |  3.0
Fighting       | |  3.2
Stealth        | |  1.7

Action                   || total
-------------------------++-------
Melee: Unarmed           ||   131
  Use: Potion            ||     1
 Stab: Sleeping          ||     5
Armor: Robe              ||    25
Dodge: Dodged            ||    89
Block: Other             ||    20
